 Dungeon Crawl Stone Soup version 0.19.1 (webtiles) character file.

235 doubledope the Poker (level 6, -9/36 HPs)
             Began as a Gargoyle Gladiator on Dec 3, 2016.
             Was a Follower of Makhleb.
             Killed by divine providence
             ... invoked by an orc priest
              (12 damage)
             ... on level 4 of the Dungeon.
             The game lasted 00:09:25 (3318 turns).

doubledope the Poker (Gargoyle Gladiator)           Turns: 3318, Time: 00:09:26

Health: -9/36      AC: 10    Str: 20    XL:     6   Next: 5%
Magic:  0/6        EV: 12    Int:  9    God:    Makhleb [*.....]
Gold:   245        SH:  0    Dex: 10    Spells: 0 memorised, 5 levels left

rFire  . . .     SeeInvis +     a - +0 trident
rCold  . . .     Gourm    .     w - +0 leather armour
rNeg   + . .     Faith    .     (no shield)
rPois  ∞         Spirit   +     c - +0 helmet
rElec  +         Reflect  .     (no cloak)
rCorr  .         Harm     .     (no gloves)
MR     .....                    p - +0 pair of boots
Stlth  +.........               u - amulet of guardian spirit
                                k - ring of see invisible
                                h - ring of wizardry

@: no status effects
A: negative energy resistance 1, electricity resistance, unbreathing,
petrification resistance, rot immunity, AC +4
a: Renounce Religion


You were on level 4 of the Dungeon.
You worshipped Makhleb.
Makhleb was aware of your devotion.
You were not hungry.

You visited 1 branch of the dungeon, and saw 4 of its levels.

You collected 245 gold pieces.

Inventory:

Hand Weapons
 a - a +0 trident (weapon)
Missiles
 d - 2 throwing nets (quivered)
Armour
 b - a +0 leather armour
 c - a +0 helmet (worn)
 p - a +0 pair of boots (worn)
 w - a +0 leather armour (worn)
Jewellery
 h - a ring of wizardry (left hand)
 k - a ring of see invisible (right hand)
 u - an amulet of guardian spirit (around neck)
Wands
 t - a wand of iceblast (7/15)
Scrolls
 i - a scroll of enchant armour {unknown}
 j - a scroll of amnesia {unknown}
 n - 2 scrolls of remove curse {unknown}
 o - 2 scrolls of teleportation {unknown}
 q - 3 scrolls of identify {unknown}
 r - 2 scrolls of immolation {unknown}
 s - a scroll of enchant weapon {unknown}
Potions
 e - 2 potions of lignification {unknown}
 g - a potion of brilliance {unknown}
 l - a potion of agility {unknown}
 m - a potion of curing
 v - 2 potions of haste {unknown}
Comestibles
 f - 5 bread rations
 x - a meat ration


   Skills:
 + Level 2.9 Fighting
 + Level 4.3 Polearms
 + Level 2.0 Throwing
 + Level 2.9 Armour
 + Level 3.2 Dodging


You had 5 spell levels left.
You didn't know any spells.

Dungeon Overview and Level Annotations

Branches:
Dungeon (4/15)
 Temple: D:4-7

Altars:
Makhleb
Nemelex Xobeh


Innate Abilities, Weirdness & Mutations

You are resistant to torment.
Your stone body is resilient. (AC +4)
You are immune to poison.
You resist negative energy. (rN+)
You are resistant to electric shocks. (rElec)
You can survive without breathing.
You are immune to petrification.
You are immune to rotting.


Message History

The orc wizard is severely wounded.
The orc wizard casts a spell.
The orc wizard flickers and vanishes for a moment.
You hit the orc wizard.
You kill the orc wizard!
Makhleb accepts your kill.
You feel better.
You have reached level 6!
Your experience leads to an increase in your attributes!
Increase (S)trength, (I)ntelligence, or (D)exterity?
You feel stronger.
You barely miss the orc priest.
The orc priest hits you but does no damage.
The orc priest mumbles some strange prayers to Beogh against you.
Beogh smites you!
* * * LOW HITPOINT WARNING * * *
The orc priest misses you.
The orc priest mumbles some strange prayers to Beogh against you.
Beogh smites you!
You die...

.....#####
.....#..<#.#
.....#...#.#
.....###.#.#
.........#.#
##########.# .....#
#.####
####.#####....#####
#.............@.#
#..########.##.##
#...........##o#
#...##########o#
#...# #o# #.... .o.
#..## ### #..


You could see 2 orc priests and 2 orcs.

Vanquished Creatures
  A hound (D:2)
  2 orc wizards
  Ijyb (D:2)
  5 adders
  2 worms
  2 dart slugs
  A leopard gecko (D:3)
  4 orcs (D:3)
  A giant cockroach (D:1)
  17 hobgoblins
  6 jackals
  4 kobolds
  A ball python (D:2)
  8 bats
  2 frilled lizards
  4 goblins
  A leopard gecko skeleton (D:4)
  5 rats
67 creatures vanquished.

Notes
Turn   | Place    | Note
-------+----------+-------------------------------------------
     0 | D:1      | doubledope the Gargoyle Gladiator began the quest for the Orb.
     0 | D:1      | Reached XP level 1. HP: 12/12 MP: 1/1
   197 | D:1      | Reached skill level 3 in Polearms
   252 | D:1      | Reached XP level 2. HP: 17/17 MP: 2/2
   643 | D:1      | Reached XP level 3. HP: 22/22 MP: 3/3
  1143 | D:2      | Reached skill level 1 in Armour
  1292 | D:2      | Reached XP level 4. HP: 13/27 MP: 4/4
  1765 | D:2      | Noticed Ijyb
  1782 | D:2      | Killed Ijyb
  1902 | D:2      | Found a burning altar of Makhleb.
  1908 | D:2      | Reached XP level 5. HP: 11/31 MP: 5/5
  1916 | D:2      | Became a worshipper of Makhleb the Destroyer
  2650 | D:3      | Found a sparkling altar of Nemelex Xobeh.
  2959 | D:3      | Reached * piety under Makhleb
  2961 | D:3      | Reached skill level 4 in Polearms
  3316 | D:4      | Reached XP level 6. HP: 15/36 MP: 1/6
  3318 | D:4      | Killed from afar by an orc priest

Skill      XL: |  1  2  3  4  5 |
---------------+----------------+-----
Polearms       | 3 4 |  4.3
Throwing       | 2 |  2.0
Armour         | 1 2 |  2.9
Dodging        | 3 |  3.2
Fighting       | |  2.9

Action                   |  1- 3 |  4- 6 || total
-------------------------+-------+-------++-------
Melee: Trident           |    87 |   181 ||   268
Throw: Throwing net      |     1 |       ||     1
  Eat: Pizza             |       |     1 ||     1
       Meat ration       |       |     1 ||     1
       Bread ration      |       |     1 ||     1
Armor: Leather armour    |    39 |   104 ||   143
Dodge: Dodged            |    58 |   161 ||   219
